 Dungeon Crawl Stone Soup version 0.25-a0-346-g140ab784a8 (webtiles) character file.

Game seed: 17955749984402619121, levelgen mode: deterministic

69 BritishOli the Ducker (level 4, -1/34 HPs)
             Began as a Demonspawn Gladiator on Dec 31, 2019.
             Slain by a phantom (4 damage)
             ... on level 2 of the Dungeon.
             The game lasted 00:01:43 (1065 turns).

BritishOli the Ducker (Demonspawn Gladiator)        Turns: 1065, Time: 00:01:44

Health: -1/34      AC:  3    Str: 16    XL:     4   Next: 2%
Magic:  4/4        EV: 15    Int:  9    God:
Gold:   63         SH:  0    Dex: 14    Spells: 3/3 levels left

rFire    . . .     SeeInvis .   a - +0 long sword
rCold    . . .     Gourm    .   (no shield)
rNeg     . . .     Faith    .   b - +0 leather armour
rPois    .         Spirit   .   (helmet restricted)
rElec    .         Reflect  .   (no cloak)
rCorr    .         Harm     .   (no gloves)
MR       +....                  (no boots)
Stlth    +.........             (no amulet)
HPRegen  0.11/turn              m - ring of protection from magic
MPRegen  0.09/turn              (no ring)

@: no status effects
A: antennae 1, repulsion field 1
a: no special abilities


You were on level 2 of the Dungeon.
You were hungry.

You visited 1 branch of the dungeon, and saw 2 of its levels.

You collected 63 gold pieces.

Inventory:

Hand Weapons
 a - a +0 long sword (weapon)
Missiles
 d - 3 throwing nets (quivered)
 l - 3 javelins
Armour
 b - a +0 leather armour (worn)
 c - a +0 helmet
Jewellery
 m - a ring of protection from magic (left hand)
Scrolls
 g - 2 scrolls of amnesia {unknown}
 h - a scroll of identify {unknown}
 k - a scroll of immolation {unknown}
 n - a scroll of remove curse {unknown}
 o - a scroll of teleportation {unknown}
 p - a scroll of fear {unknown}
Potions
 e - a potion of curing {unknown}
 i - a potion of berserk rage {unknown}
 j - a potion of mutation {unknown}
Comestibles
 f - 5 rations


   Skills:
 + Level 2.7 Fighting
 + Level 3.2 Long Blades
 + Level 2.4 Throwing
 + Level 3.2 Dodging


You had 3 spell levels left.
You didn't know any spells.
Your spell library was empty.

Dungeon Overview and Level Annotations

Branches:
Dungeon (2/15)

Altars:


Innate Abilities, Weirdness & Mutations

You have a pair of small antennae on your head.
You are surrounded by a mild repulsion field. (EV +2)


Message History

The phantom blinks!
Found a robe.
The phantom blinks!
You now have 63 gold pieces (gained 7).
You slash the phantom!
The phantom is almost destroyed.
The phantom blinks!
The phantom hits you!
* * * LOW HITPOINT WARNING * * *
You closely miss the phantom.
The phantom is almost destroyed.
The phantom misses you.
You riposte.
You hit the phantom.
The phantom is almost destroyed.
You barely miss the phantom.
The phantom is almost destroyed.
The phantom hits you but does no damage.
You miss the phantom.
The phantom is almost destroyed.
The phantom hits you.
You die...

### #.#######
#@W.....# #.###.###
#.# #.# ####### #.#
#.#####.....# #.####.#
#.....#.###.# #[.....#
#####.#.#.#.#
#.############'#.#.#.#
..........#...#
..........#.####


You could see a phantom.

Vanquished Creatures
  An adder (D:2)
  2 oozes (D:2)
  A dart slug (D:1)
  A leopard gecko (D:2)
  10 bats
  2 giant cockroaches (D:2)
  4 goblins
  10 hobgoblins
  2 frilled lizards (D:2)
  5 kobolds
  7 rats
45 creatures vanquished.

Notes
Turn   | Place    | Note
-------+----------+-------------------------------------------
     0 | D:1      | BritishOli the Demonspawn Gladiator began the quest for the
                  | Orb.
     0 | D:1      | Reached XP level 1. HP: 16/16 MP: 1/1
   140 | D:1      | Gained mutation: You have a pair of small antennae on your
                  | head. [demonic ancestry]
   140 | D:1      | Reached XP level 2. HP: 22/22 MP: 2/2
   674 | D:2      | Gained mutation: You are surrounded by a mild repulsion
                  | field. (EV +2) [demonic ancestry]
   674 | D:2      | Reached XP level 3. HP: 28/28 MP: 3/3
  1003 | D:2      | Reached XP level 4. HP: 26/34 MP: 4/4
  1041 | D:2      | Noticed a phantom
  1065 | D:2      | Slain by a phantom

Levels and vault maps discovered:
D:1:      dpeg_arrival_tiny_j, layout_basic
D:2:      layout_basic

Skill      XL: |  1  2 |
---------------+-------+-----
Throwing       | 2 |  2.4
Long Blades    | 3 |  3.2
Dodging        | 3 |  3.2
Fighting       | |  2.7

Action                   |  1- 3 |  4- 6 || total
-------------------------+-------+-------++-------
Melee: Long sword        |    91 |    18 ||   109
 Stab: Sleeping          |     2 |       ||     2
Armor: Leather armour    |    33 |     3 ||    36
Dodge: Dodged            |   104 |    10 ||   114
       Rpst.: Long sword |    32 |     3 ||    35

Table legend:
 A = Non-vault XP
 B = Vault XP
 C = Vault XP percentage of total XP
 D = Non-vault monster count
 E = Vault monster count
 F = Vault count percentage of total count
                 A         B        C        D         E       F
            +---------+---------+-------+---------+---------+-------
      Total |      99 |       0 |   0.0 |      45 |       0 |   0.0
            +---------+---------+-------+---------+---------+-------
        D:1 |      31 |       0 |   0.0 |      17 |       0 |   0.0
        D:2 |      68 |       0 |   0.0 |      28 |       0 |   0.0
            +---------+---------+-------+---------+---------+-------
